 Dungeon Crawl Stone Soup version 0.30-a0-639-g3916f1956a (webtiles) character file.

Game seed: 16568191460926620493

19257 rogsnak the Devastator (level 12, -14/81 HPs)
             Began as a Barachi Fire Elementalist on Jan 15, 2023.
             Was a Believer of Sif Muna.
             Demolished by a tengu warrior
             ... wielding a +2 battleaxe
              (20 damage)
             ... on level 13 of the Dungeon on Jan 16, 2023.
             The game lasted 00:40:07 (15013 turns).

rogsnak the Devastator (Barachi Fire Elementalist) Turns: 15013, Time: 00:40:07

Health: -14/81     AC:  4    Str:  9    XL:     12   Next: 67%
Magic:  35/35      EV: 18    Int: 22    God:    Sif Muna [**....]
Gold:   570        SH:  5    Dex: 12    Spells: 27/32 levels left

rFire   + . .      SeeInvis .    H - staff of fire
rCold   . . .      Faith    .    (no shield)
rNeg    . . .      Spirit   .    L - +0 steam dragon scales
rPois   .          Reflect  +    B - +0 helmet
rElec   .          Harm     .    N - +0 cloak
rCorr   .          Rampage  .    f - +0 pair of gloves
Will    .....                    (no boots)
Stlth   ++                       K - amulet of reflection
HPRegen 0.33/turn                Y - ring of magical power
MPRegen 0.24/turn                x - +5 ring of evasion

@: about to teleport, corroded, slow
A: amphibious, slowness 1, strong legs 1, +LOS
a: Hop, Renounce Religion, Channel Magic


You were on level 13 of the Dungeon.
You worshipped Sif Muna.
Sif Muna was pleased with you.
You visited 2 branches of the dungeon, and saw 14 of its levels.

You collected 788 gold pieces.
You spent 218 gold pieces at shops.

Inventory:

Hand Weapons
 r - the +3 falchion "Giantbane" {spect, *Slow rCorr Int+3 Dex+4}
   (You took it off a kobold on level 3 of the Dungeon)

   Int:       It affects your intelligence (+3).
   Dex:       It affects your dexterity (+4).
   rCorr:     It protects you from acid and corrosion.
   *Slow:     It may slow you when you take damage.
 M - a +2 hand axe of electrocution
Missiles
 o - 10 atropa-tipped darts
 V - a curare-tipped dart
Armour
 f - a +0 pair of gloves (worn)
 w - the +0 pair of boots "Fired" {Fly Will+++ Int-5 Slay+6}
   (You bought it in a shop on level 12 of the Dungeon)

   Int:       It affects your intelligence (-5).
   Slay:      It affects your accuracy & damage with ranged weapons and melee
   (+6).
   Fly:       It grants you flight.
   Will:      It greatly increases your willpower.
 B - a +0 helmet (worn)
 L - +0 steam dragon scales (worn)
 N - a +0 cloak (worn)
 Q - a +3 leather armour of willpower
 S - a +2 ring mail of fire resistance
Magical Staves
 l - a staff of air
 H - a staff of fire (weapon)
Jewellery
 g - a ring of protection from fire
 u - a ring of ice
 x - a +5 ring of evasion (right hand)
 C - a ring of positive energy
 I - a ring of wizardry
 K - an amulet of reflection (around neck)
 Y - a ring of magical power (left hand)
Wands
 z - a wand of mindburst (17)
 A - a wand of flame (39)
 O - a wand of paralysis (14)
 R - a wand of polymorph (3)
 T - a wand of iceblast (4)
Scrolls
 d - a scroll of enchant weapon
 e - 2 scrolls of blinking
 k - a scroll of amnesia
 m - a scroll of summoning
 p - 3 scrolls of noise {unknown}
 y - a scroll of enchant armour
 D - 3 scrolls of fog
 F - 2 scrolls of magic mapping
 U - a scroll of immolation
 W - 4 scrolls of teleportation
 X - a scroll of fear
 Z - a scroll of brand weapon
Potions
 a - a potion of invisibility
 b - a potion of magic
 c - 7 potions of heal wounds {unknown}
 h - 3 potions of degeneration {unknown}
 i - 2 potions of cancellation
 j - 5 potions of curing
 q - a potion of resistance
 s - 6 potions of flight {unknown}
 t - 2 potions of haste
 v - 3 potions of ambrosia
 G - a potion of brilliance
 J - 4 potions of might {unknown}
 P - a potion of berserk rage
Miscellaneous
 n - a phantom mirror
 E - a box of beasts


   Skills:
 + Level 3.0 Fighting
 - Level 0.2 Maces & Flails
 + Level 4.8 Dodging
 - Level 2.0 Stealth
 + Level 2.3 Shields
 + Level 10.5 Spellcasting
 * Level 15.0 Conjurations
 + Level 11.5 Fire Magic


You had 27 spell levels left.
You knew the following spells:

 Your Spells              Type           Power      Damage    Failure   Level
a - Foxfire               Conj/Fire      100%       2x1d9     1%          1
b - Flame Wave            Conj/Fire      81%        2d18      1%          4

Your spell library contained the following spells:

 Spells                   Type           Power      Damage    Failure   Level
 Magic Dart               Conj           100%       1d8       0%          1
 Scorch                   Fire           100%       2d10      1%          2
 Searing Ray              Conj           100%       2d8       1%          2
 Inner Flame              Hex/Fire       53%        N/A       1%          3
 Fulminant Prism          Conj/Hex       22%        3d12      2%          4
 Kindle Blastsparks       Fire/Tloc/Air  84%        2d17      3%          3


Dungeon Overview and Level Annotations

Branches:
Dungeon (13/15)            Temple (1/1) D:5            Lair (0/5) D:8
    Orc (0/2) D:11
 Vaults: D:13-14

Altars:
Ashenzari
Cheibriados
Dithmenos
Elyvilon
Fedhas
Gozag
Hepliaklqana
Kikubaaqudgha
Makhleb
Nemelex Xobeh
Okawaru
Qazlal
Ru
Sif Muna
Trog
Uskayaw
Vehumet
Wu Jian
Xom
Yredelemnul
Zin
The Shining One

Shops:
D:2 =   D:7 ?   D:12 [

Portals:
Trove: D:10 (give +3 shadow dragon scales)

Annotations:
D:9 High Level Cache


Innate Abilities, Weirdness & Mutations

You are amphibious.
You cover ground slowly.
You can hop short distances.
You have an extended range of vision and can be seen from far away.


Message History

The deep elf pyromancer hits you with a +0 long sword of protection.
The tengu warrior shouts!
As you read the scroll labelled ZEBBID ACIVAX, it crumbles to dust.
You feel strangely unstable.
It was a scroll of teleportation.
A vampire mosquito comes into view. x2
The tengu warrior hits you with a +2 battleaxe.
You block the tengu warrior's attack.
The tengu warrior claws you but does no damage.
The tengu warrior hits you but does no damage.
The tengu warrior misses you. The tengu warrior closely misses you.
A fire crab comes into view.
The deep elf pyromancer closely misses you.
The vampire mosquito moves out of view.
A purple ugly thing comes into view.
Unknown command.
Hop to where?
Press: ? - help, Dir - move target, f - you
Okay, then.
Casting: Flame Wave (safe; 1% risk of failure)
Confirm with . or Enter, or press ? or * to list all spells.
You don't know that spell.
The vampire mosquito buzzes angrily.
You hit the tengu warrior but do no damage.
You burn the tengu warrior.
The tengu warrior is lightly wounded.
You hear a shout!
The tengu warrior hits you with a +2 battleaxe!
The tengu warrior pecks you but does no damage.
The tengu warrior barely misses you. You block the tengu warrior's attack.
The tengu warrior misses you.
The tengu warrior completely misses you.
You block the deep elf pyromancer's attack.
The acid dragon spits acid at you. The splash of acid hits you!!
The acid corrodes you!
A manticore comes into view.
The tengu warrior hits you with a +0 great sword!!
* * * LOW HITPOINT WARNING * * *
The tengu warrior closely misses you. The tengu warrior misses you.
The tengu warrior hits you with a +2 battleaxe!!
You die...

## .. #.
..###
#.###
......#§tH
#..yQe#
#@#
#..§QD#
#[?...#§u§
# #.###
#.### . #.
# .. ..
.## .


You could see a purple ugly thing, 2 tengu warriors, a fire crab, a manticore, a
deep elf pyromancer, an acid dragon (catching breath) and a vampire mosquito.

Vanquished Creatures
  A boulder beetle (D:12)
  7 two-headed ogres
  2 ugly things
  A deep elf pyromancer (D:12)
  Maurice (D:8)
  Joseph (D:7)
  A gargoyle (D:11)
  An unseen horror (D:12)
  A komodo dragon (D:11)
  2 trolls (D:12)
  Prince Ribbit (D:5)
  2 slime creatures (D:12)
  2 shadows (D:11)
  Sigmund (D:6)
  3 wraiths
  A water elemental (D:12)
  27 yaks
  3 wyverns (D:8)
  A steam dragon (D:6)
  4 vampire mosquitoes (D:10)
  2 basilisks (D:8)
  An acid dragon (D:12)
  3 water moccasins (D:8)
  Duvessa (D:7)
  3 orc warriors
  A sky beast (D:7)
  An ice beast (D:6)
  3 black bears
  A wolf (D:8)
  6 centaurs
  A phantom (D:4)
  A kobold brigand (D:8)
  4 bullfrogs
  A necrophage (D:5)
  2 scorpions
  A gnoll sergeant (D:8)
  8 wights (D:7)
  Dowan (D:7)
  8 killer bees
  An electric eel (D:12)
  A howler monkey (D:9)
  4 jellies
  4 hounds
  13 orc priests
  2 gnoll boudas
  2 iguanas
  14 orc wizards
  9 gnolls
  10 adders
  2 shadow imps
  An ufetubus (D:6)
  A worm (D:2)
  2 dart slugs
  56 orcs
  9 ball pythons
  14 endoplasms
  5 giant cockroaches
  5 goblins
  4 hobgoblins
  4 jackals
  13 kobolds
  5 quokkas
  4 bats
  10 frilled lizards
  5 rats
312 creatures vanquished.

Vanquished Creatures (collateral kills)
  14 foxfires
14 creatures vanquished.

Vanquished Creatures (others)
  1216 foxfires
  17 fungi
  34 plants
  6 toadstools (D:2)
1273 creatures vanquished.

Grand Total: 1599 creatures vanquished

Notes
Turn   | Place    | Note
-------+----------+-------------------------------------------
     0 | D:1      | rogsnak the Barachi Fire Elementalist began the quest for
                  | the Orb.
     0 | D:1      | Reached XP level 1. HP: 13/13 MP: 3/3
   238 | D:1      | Reached XP level 2. HP: 19/19 MP: 3/5
   604 | D:1      | Reached XP level 3. HP: 24/24 MP: 1/6
   942 | D:2      | Found Muvuah's Jewellery Shoppe.
  1148 | D:2      | Reached skill level 2 in Conjurations
  1160 | D:2      | Reached XP level 4. HP: 22/30 MP: 0/7
  1455 | D:2      | Reached XP level 5. HP: 35/35 MP: 5/9
  1749 | D:2      | Found a burning altar of Makhleb.
  1805 | D:2      | Reached skill level 5 in Fire Magic
  2328 | D:2      | Found a faded altar of an unknown god.
  2640 | D:3      | Identified the +3 falchion "Giantbane" {spect, *Slow rCorr
                  | Int+3 Dex+4}
  2648 | D:3      | Reached skill level 3 in Conjurations
  3313 | D:4      | Found a snail-covered altar of Cheibriados.
  3554 | D:4      | Reached XP level 6. HP: 35/41 MP: 3/11
  3985 | D:4      | Found a sacrificial altar of Ru.
  4015 | D:4      | Reached skill level 4 in Conjurations
  4183 | D:4      | Reached XP level 7. HP: 47/47 MP: 8/13
  4308 | D:4      | Found a glowing golden altar of the Shining One.
  4480 | D:5      | Entered Level 5 of the Dungeon
  5020 | D:5      | Found a staircase to the Ecumenical Temple.
  5021 | D:5      | Noticed Prince Ribbit
  5030 | D:5      | Killed Prince Ribbit
  5031 | D:5      | Reached skill level 1 in Fighting
  5031 | D:5      | Reached skill level 5 in Conjurations
  5038 | Temple   | Entered the Ecumenical Temple
  5343 | D:5      | Reached XP level 8. HP: 50/54 MP: 11/15
  5719 | D:5      | Reached skill level 6 in Conjurations
  6007 | D:5      | Reached skill level 5 in Spellcasting
  6183 | D:6      | Learned a level 4 spell: Flame Wave
  6188 | D:6      | Noticed Sigmund
  6195 | D:6      | Killed Sigmund
  6228 | D:6      | Found a hazy altar of Hepliaklqana.
  6342 | D:6      | Reached skill level 7 in Conjurations
  6782 | D:7      | Reached XP level 9. HP: 58/60 MP: 5/17
  6917 | D:7      | Reached skill level 8 in Conjurations
  7040 | D:7      | Noticed Joseph
  7299 | D:7      | Killed Joseph
  7407 | D:7      | Found a glowing silver altar of Zin.
  7449 | D:7      | Reached skill level 9 in Conjurations
  7542 | D:7      | Found a blossoming altar of Fedhas.
  7746 | D:7      | Noticed Duvessa
  7746 | D:7      | Noticed Dowan
  7751 | D:7      | Killed Duvessa
  7752 | D:7      | Killed Dowan
  7977 | D:7      | Found Jauvazoo's Magic Scroll Shop.
  8061 | D:7      | Identified the +5 mace "Eroh" {venom, SInv}
  8363 | D:8      | Reached skill level 10 in Conjurations
  8364 | D:8      | Reached XP level 10. HP: 67/67 MP: 7/20
  8529 | D:8      | Noticed a two-headed ogre
  8957 | D:8      | Identified the +0 robe "Sehagheu" {Str+5}
  9238 | D:8      | Reached skill level 1 in Shields
  9238 | D:8      | Reached skill level 11 in Conjurations
  9598 | D:8      | Noticed Maurice
  9609 | D:8      | Killed Maurice
  9715 | D:8      | Found a staircase to the Lair.
  9767 | D:8      | Found a broken altar of Ashenzari.
  9996 | D:8      | Killed a two-headed ogre
 10076 | D:9      | Reached XP level 11. HP: 72/72 MP: 18/23
 10090 | D:9      | Reached skill level 12 in Conjurations
 10615 | D:9      | Noticed a centaur warrior
 10780 | D:9      | Found a shimmering blue altar of Sif Muna.
 10789 | D:9      | Became a worshipper of Sif Muna the Loreminder
 10801 | D:9      | Found a sparkling altar of Nemelex Xobeh.
 10966 | D:9      | Noticed a catoblepas
 10989 | D:10     | Entered Level 10 of the Dungeon
 11012 | D:9      | Reached skill level 10 in Fire Magic
 11121 | D:10     | Found a portal to a secret trove of treasure.
 11507 | D:10     | Noticed a two-headed ogre
 11514 | D:10     | Killed a two-headed ogre
 11515 | D:10     | Reached skill level 13 in Conjurations
 11613 | D:10     | Found a burning altar of Makhleb.
 11615 | D:10     | Found a bloodstained altar of Trog.
 11617 | D:10     | Found an iron altar of Okawaru.
 11618 | D:10     | Found a hide-covered altar of Uskayaw.
 11618 | D:10     | Found a basalt altar of Yredelemnul.
 11618 | D:10     | Found an opulent altar of Gozag.
 11763 | D:10     | Reached * piety under Sif Muna
 11851 | D:10     | Found a radiant altar of Vehumet.
 12297 | D:11     | Noticed a two-headed ogre
 12303 | D:11     | Killed a two-headed ogre
 12734 | D:11     | Found a staircase to the Orcish Mines.
 12878 | D:11     | Noticed a two-headed ogre
 12886 | D:11     | Killed a two-headed ogre
 12887 | D:11     | Reached XP level 12. HP: 79/80 MP: 14/25
 13253 | D:11     | Reached ** piety under Sif Muna
 13254 | D:11     | Reached skill level 14 in Conjurations
 13693 | D:12     | Found Faikk's Antique Armour Boutique.
 13706 | D:12     | Bought a pair of translucent boots for 218 gold pieces
 13706 | D:12     | Identified the +0 pair of boots "Fired" {Fly Will+++ Int-5
                  | Slay+6} (You bought it in a shop on level 12 of the
                  | Dungeon)
 13750 | D:12     | Noticed a two-headed ogre
 13761 | D:12     | Killed a two-headed ogre
 13762 | D:12     | Reached skill level 10 in Spellcasting
 13899 | D:12     | Found a white marble altar of Elyvilon.
 13944 | D:12     | Noticed a boulder beetle
 14069 | D:12     | Noticed a two-headed ogre
 14078 | D:12     | Killed a two-headed ogre
 14195 | D:12     | Noticed a two-headed ogre
 14361 | D:12     | Noticed a boulder beetle
 14387 | D:12     | Killed a boulder beetle
 14509 | D:12     | Killed a two-headed ogre
 14947 | D:12     | Reached skill level 15 in Conjurations
 14999 | D:13     | Noticed a death knight
 15010 | D:13     | Noticed a tengu warrior
 15010 | D:13     | Noticed a tengu warrior
 15013 | D:13     | Demolished by a tengu warrior

Illustrated notes

Levels and vault maps discovered:
D:1:      lemuel_arrival_rhombus, layout_basic, minmay_lizard_king
D:2:      cheibrodos_fertilizer, layout_basic, basic_altar,
          ebering_ecumenical_altar_box, serial_shops, nicolae_shop_crystal,
          nicolae_elevator_lobby_asterisk
D:3:      layout_basic, minmay_circle_x
D:4:      layout_basic, old_standard_altar, mainiacjoe_overflow_boulevard,
          lemuel_crystal_altar, minmay_misc_feat_alley
D:5:      layout_basic, temple_fountains, uniq_prince_ribbit1
D:6:      layout_rooms, mainiacjoe_overflow_cross_hatched,
          minmay_misc_feat_pillars, uniq_sigmund
D:7:      layout_basic, mainiacjoe_overflow_brackets, kennysheep_little_box,
          serial_shops, shop, chequers_serial_rivers_micro_e, uniq_duvessa,
          uniq_joseph
D:8:      layout_cave_pods, mainiacjoe_overflow_alcove_4,
          minmay_lair_entry_grove, uniq_maurice
D:9:      minmay_sliced_demisemicircle, layout_small_grid,
          mainiacjoe_overflow_surrounded_room, old_standard_altar
D:10:     layout_long_grid, grunt_temple_overflow_open, kennysheep_mini_moat,
          nicolae_trove_entry_free_sample
D:11:     layout_irregular_city, hiddenorc1_lemuel
D:12:     layout_loops_ring, serial_shops, shop, nicolae_elyvilon_temple_path
D:13:     hangedman_cross_stitches, layout_small_grid, gammafunk_ghost_split,
          portal_ice_cave_entry_ice_simulacra
Temple:   nicolae_temple_bog_church

Skill      XL: |  1  2  3  4  5  6  7  8  9 10 11 12 |
---------------+-------------------------------------+-----
Fire Magic     | 4 5 6 7 8 9 11 | 11.5
Stealth        | 2 |  2.0
Conjurations   | 2 3 4 5 7 10 11 13 15 | 15.0
Spellcasting   | 3 4 5 7 8 9 10 | 10.5
Fighting       | 1 2 3 |  3.0
Dodging        | 3 4 |  4.8
Shields        | 1 2 |  2.3
Maces & Flails | |  0.2

Action                   |  1- 3 |  4- 6 |  7- 9 | 10-12 || total
-------------------------+-------+-------+-------+-------++-------
Melee: Unarmed           |     1 |       |       |       ||     1
       Mace              |     7 |     2 |       |       ||     9
       Club              |     1 |       |       |       ||     1
       Staff             |       |    12 |       |    31 ||    43
       Falchion          |       |    16 |    39 |    14 ||    69
       Punch             |       |       |     1 |       ||     1
 Cast: Foxfire           |    54 |   104 |   196 |   390 ||   744
       Flame Wave        |       |       |     4 |    46 ||    50
 Abil: Hop               |       |       |     1 |     4 ||     5
Evoke: Wand              |       |       |       |     1 ||     1
  Use: Scroll            |       |       |       |    21 ||    21
 Stab: Sleeping          |       |       |     1 |       ||     1
       Distracted        |       |       |     1 |     1 ||     2
Armor: Robe              |     3 |    11 |     4 |       ||    18
       Steam dragon scal |       |       |     6 |    33 ||    39
Dodge: Dodged            |     9 |    44 |    54 |   134 ||   241
Block: Other             |       |       |     7 |    47 ||    54
       Reflection        |       |       |       |     5 ||     5

Table legend: (Time is in decaauts)
 A = Elapsed time spent in this place.
 B = Non-inter-level travel time spent in this place.
 C = Inter-level travel time spent in this place.
 D = Time resting spent in this place.
 E = Time spent auto-exploring this place.
 F = Levels seen in this place.
 G = Mean time per level.
                   A        B        C        D        E       F      G
               +--------+--------+--------+--------+--------+-----+--------+
         Total |  16843 |  16305 |    538 |   1904 |  10136 |  14 | 1203.1 |
       Dungeon |  16633 |  16095 |    538 |   1904 |   9947 |  13 | 1279.5 |
        Temple |    209 |    209 |      0 |      0 |    188 |   1 |  209.0 |
               +--------+--------+--------+--------+--------+-----+--------+

Top non-repeatable levels by time:
     D:7: 1964 daAuts
     D:8: 1773 daAuts
     D:2: 1665 daAuts
     D:5: 1660 daAuts
    D:11: 1540 daAuts
    D:12: 1498 daAuts
     D:4: 1362 daAuts
    D:10: 1336 daAuts
     D:9: 1052 daAuts
     D:1: 1049 daAuts
     D:3: 974 daAuts
     D:6: 749 daAuts
  Temple: 209 daAuts
    D:13: 6 daAuts
